 Dungeon Crawl Stone Soup version 0.28-a0-535-g6f645e4c1d (webtiles) character file.

Game seed: 5869960297102684320

41 bande the Covered (level 3, 0/23 HPs)
             Began as a Gargoyle Fighter on Sept 27, 2021.
             Slain by a worm (2 damage)
             ... on level 2 of the Dungeon.
             The game lasted 00:01:47 (1235 turns).

bande the Covered (Gargoyle Fighter)                Turns: 1235, Time: 00:01:48

Health: 0/23       AC: 10    Str: 20    XL:     3   Next: 52%
Magic:  3/3        EV:  9    Int:  8    God:
Gold:   64         SH:  4    Dex:  9    Spells: 2/2 levels left

rFire   . . .      SeeInvis .   a - +0 war axe
rCold   . . .      Faith    .   c - +0 buckler
rNeg    + . .      Spirit   .   b - +0 scale mail
rPois   ∞          Reflect  .   (no helmet)
rElec   +          Harm     .   (no cloak)
rCorr   .          Rampage  .   (no gloves)
Will    .....                   (no boots)
Stlth   ..........              (no amulet)
HPRegen 0.07/turn               (no ring)
MPRegen 0.08/turn               (no ring)

@: no status effects
A: sickness immunity, AC +3, negative energy resistance 1, electricity
resistance, torment resistance 1, petrification resistance
a: no special abilities


You were on level 2 of the Dungeon.
You visited 1 branch of the dungeon, and saw 2 of its levels.

You collected 64 gold pieces.

Inventory:

Hand Weapons
 a - a +0 war axe (weapon)
Armour
 b - a +0 scale mail (worn)
 c - a +0 buckler (worn)
Scrolls
 e - 2 scrolls of identify {unknown}
 f - a scroll of fear {unknown}
 g - a scroll of enchant weapon {unknown}
Potions
 d - a potion of might


   Skills:
 + Level 3.6 Fighting
 + Level 2.3 Axes
 + Level 3.9 Armour
 + Level 3.6 Shields


You had 2 spell levels left.
You didn't know any spells.
Your spell library was empty.

Dungeon Overview and Level Annotations

Branches:
Dungeon (2/15)

Altars:


Innate Abilities, Weirdness & Mutations

You are immune to sickness and miasma.
Your stone body is resilient. (AC +3)
You are immune to poison.
You resist negative energy. (rN+)
You are resistant to electric shocks. (rElec)
You are resistant to unholy torment.
You are immune to petrification.


Message History

You barely miss the goblin.
The goblin is moderately wounded.
The goblin misses you.
You miss the goblin.
The goblin is moderately wounded.
You barely miss the worm.
The goblin hits you but does no damage. x2
You miss the goblin.
The goblin is moderately wounded.
You hit the worm. The worm bites you. The goblin hits you but does no damage.
You hit the goblin.
The goblin is heavily wounded.
Your scale mail prevents you from hitting the worm.
You block the goblin's attack. You block the worm's attack.
You hit the worm.
The worm is lightly wounded.
You hit the goblin.
You kill the goblin!
The worm bites you but does no damage.
You hit the worm.
The worm is lightly wounded.
The worm bites you but does no damage.
You hit the worm.
The worm is moderately wounded.
The worm bites you.
* * * LOW HITPOINT WARNING * * *
You hit the worm.
The worm is moderately wounded.
The worm closely misses you.
You hit the worm.
The worm is heavily wounded.
The worm barely misses you.
You barely miss the worm.
The worm is heavily wounded.
You hit the worm.
The worm is almost dead.
The worm bites you but does no damage.
You barely miss the worm.
The worm is almost dead.
The worm bites you.
You die...

$ .# .. .# #. .#
#.####.####
####.#.......##
.......@)......
.####.#...w....##
................#
####.#†###.###.#
# #..##.# #
#..##.###
#.......#
#######.##.#.#
........##.#.#


You could see a worm.

Vanquished Creatures
  A worm (D:2)
  2 dart slugs (D:1)
  4 endoplasms
  A giant cockroach (D:1)
  5 goblins
  A hobgoblin (D:1)
  4 quokkas
  6 ball pythons (D:1)
  A bat (D:1)
  2 frilled lizards (D:1)
  2 kobolds (D:1)
  3 rats
32 creatures vanquished.

Notes
Turn   | Place    | Note
-------+----------+-------------------------------------------
     0 | D:1      | bande the Gargoyle Fighter began the quest for the Orb.
     0 | D:1      | Reached XP level 1. HP: 14/14 MP: 1/1
   408 | D:1      | Reached XP level 2. HP: 15/19 MP: 2/2
   810 | D:1      | Reached XP level 3. HP: 23/23 MP: 3/3
  1230 | D:2      | HP: 1/23 [worm (6)]
  1235 | D:2      | Slain by a worm

Illustrated notes

Levels and vault maps discovered:
D:1:      dpeg_arrival_leaves_temple_mockup, layout_basic
D:2:      layout_basic, shapermc_ecumenical_altar_hornbeckon

Skill      XL: |  1  2 |
---------------+-------+-----
Axes           | 2 |  2.3
Fighting       | |  3.6
Armour         | |  3.9
Shields        | |  3.6

Action                   || total
-------------------------++-------
Melee: War axe           ||   105
Armor: Scale mail        ||    60
Dodge: Dodged            ||    53
Block: Buckler           ||    19

Table legend: (Time is in decaauts)
 A = Elapsed time spent in this place.
 B = Non-inter-level travel time spent in this place.
 C = Inter-level travel time spent in this place.
 D = Time resting spent in this place.
 E = Time spent auto-exploring this place.
 F = Levels seen in this place.
 G = Mean time per level.
                   A        B        C        D        E       F      G
               +--------+--------+--------+--------+--------+-----+--------+
         Total |   1276 |   1226 |     50 |      0 |    987 |   2 |  638.0 |
       Dungeon |   1276 |   1226 |     50 |      0 |    987 |   2 |  638.0 |
               +--------+--------+--------+--------+--------+-----+--------+

Top non-repeatable levels by time:
     D:1: 1207 daAuts
     D:2: 69 daAuts
